Map: [ESL] Site Delta

Players

Spirit

  • Race: Terran Terran
  • Spawn Location: 11:00

Clem - Winner!

  • Race: Terran Terran
  • Spawn Location: 5:00

Event: ESL SC2 Masters 2023 Winter (Regional)

VOD

Have the link to the VOD?

Description

Time

  • Played on: Nov. 12, 2023, 11:07 a.m.
  • Length: 11:07

All games in this series

Show
View Real Time Build Order
Export as new Build Order

Spirit Terran 

Build Orders: Cyclone Opening, Reaper Expand 

Get SALT Encoding   

  12  0:00  SCV  
  13  0:12  SCV  
  14  0:17  Supply Depot  
  14  0:24  SCV  
  15  0:38  SCV  
  15  0:39  Barracks  
  16  0:44  Refinery  
  16  0:50  SCV  
  17  1:03  SCV  
  18  1:15  SCV  
  19  1:27  Orbital Command  
  19  1:28  Reaper  
  20  1:41  Command Center  
  20  1:54  SCV  
  20  1:55  Supply Depot  
  20  1:59  Marine  
  22  2:05  Factory  
  22  2:13  Refinery  
  21  2:17  Marine  
  21  2:20  SCV  
  23  2:32  SCV  
  23  2:35  Marine  
  25  2:44  SCV  
  25  2:50  Cyclone  
  28  2:53  Marine  
  28  2:54  Orbital Command  
  29  2:58  Starport  
  29  3:04  SCV  
  29  3:13  Barracks Reactor  
  29  3:14  Orbital Command  
  29  3:19  SCV  
  30  3:22  Cyclone  
  32  3:32  SCV  
  32  3:33  Supply Depot  
  33  3:36  Medivac  
  35  3:42  SCV  
  35  3:44  SCV  
  37  3:54  SCV, Marine x2  
  40  3:56  SCV  
  40  3:57  Cyclone  
  43  4:06  SCV  
  43  4:08  SCV  
  45  4:11  Marine  
  45  4:12  Starport Tech Lab, Supply Depot  
  46  4:18  SCV  
  46  4:19  Supply Depot  
  46  4:20  SCV  
  48  4:24  Barracks  
  48  4:29  Factory Tech Lab, Marine  
  48  4:30  SCV  
  50  4:32  SCV  
  50  4:34  Raven  
  50  4:36  Interference Matrix  
  53  4:42  SCV  
  53  4:43  Supply Depot  
  53  4:44  Marine, SCV  
  56  4:47  Siege Tank  
  59  4:55  SCV  
  59  4:56  SCV  
  61  5:03  Command Center  
  61  5:07  SCV  
  60  5:08  SCV  
  60  5:11  Barracks Tech Lab  
  61  5:19  SCV  
  61  5:20  SCV  
  63  5:22  Raven  
  63  5:24  Refinery  
  63  5:27  Refinery  
  65  5:29  Supply Depot  
  65  5:31  Marine, SCV  
  65  5:33  SCV  
  65  5:34  Stimpack  
  68  5:40  Supply Depot  
  68  5:41  Marine  
  69  5:43  SCV  
  69  5:45  SCV  
  71  5:55  SCV  
  72  5:57  SCV  
  73  6:07  SCV  
  73  6:09  SCV  
  75  6:15  Orbital Command, Siege Tank  
  76  6:19  SCV  
  76  6:21  Starport Reactor, SCV, Engineering Bay  
  76  6:22  Engineering Bay  
  78  6:28  Marine  
  78  6:29  Marine x2  
  78  6:31  SCV  
  82  6:33  SCV  
  83  6:44  Barracks x2  
  83  6:46  Marine  
  84  6:47  Siege Tank, Terran Infantry Weapons Level 1  
  84  6:48  Barracks, Terran Infantry Armor Level 1  
  84  6:50  Marine  
  88  6:54  SCV  
  88  6:56  Marine  
  88  6:57  SCV  
  91  7:04  Marine  
  91  7:05  Medivac  
  91  7:06  Medivac, SCV  
  91  7:08  Supply Depot, Marine  
  98  7:09  SCV, Supply Depot  
  98  7:14  Combat Shield, Marine  
  98  7:15  Orbital Command  
  100  7:18  SCV  
  100  7:22  Marine, SCV  
  102  7:26  Marine  
  103  7:30  SCV  
  103  7:31  Siege Tank, Marine  
  103  7:32  Supply Depot  
  103  7:33  Barracks Reactor x2  
  103  7:34  SCV  
  103  7:37  Barracks Reactor  
  109  7:38  Missile Turret  
  109  7:40  Marine  
  109  7:42  SCV  
  109  7:43  Marine, SCV  
  113  7:46  SCV  
  113  7:47  Medivac  
  113  7:49  Marine  
  117  7:54  Medivac, SCV  
  117  7:55  Supply Depot, SCV  
  117  7:58  Marine  
  122  8:01  Marine  
  122  8:05  Siege Tank, Refinery  
  126  8:06  Refinery  
  126  8:07  Missile Turret, Marine  
  126  8:10  Marine  
  128  8:15  Marine  
  128  8:18  Marine x2  
  128  8:19  Marine x2  
  127  8:23  Marine x2  
  127  8:25  Marine  
  121  8:28  Marine  
  121  8:30  SCV  
  121  8:33  SCV, Marine  
  111  8:36  Marine x2  
  111  8:37  Siege Tank, Marine x2  
  111  8:40  Marine  
  111  8:41  Marine  
  97  8:43  Marine  
  97  8:46  Marine  
  92  8:51  Marine  
  92  8:54  Marine x2  
  92  8:55  Marine x2  
  98  8:56  Starport Reactor  
  98  8:57  SCV x3  
  98  8:58  Marine x2  
  98  9:00  Armory, Marine  
  101  9:04  Marine  
  101  9:09  Siege Tank, SCV x3, Marine  
  109  9:11  Marine  
  109  9:12  Marine x3  
  109  9:16  Sensor Tower, Marine x2  
  114  9:18  Marine  
  114  9:21  SCV x3  
  114  9:22  Marine  
  118  9:27  Marine  
  118  9:29  Marine x2  
  118  9:30  Marine x2  
  123  9:33  SCV x2  
  123  9:34  Marine x2, Supply Depot x2  
  123  9:36  Marine  
  128  9:39  Marine  
  128  9:41  Siege Tank  
  128  9:44  Marine  
  133  9:51  Liberator x2, Marine x2  
  141  9:54  Marine  
  141  9:58  Marine  
  141  9:59  Marine  
  128  10:01  Marine  
  128  10:02  Marine  
  128  10:05  Marine x2  
  129  10:08  Marine  
  129  10:09  Marine  
  129  10:11  Marine  
  129  10:13  Siege Tank  
  135  10:16  Marine  
  135  10:17  Marine  
  135  10:19  Marine  
  138  10:21  Marine  
  138  10:27  Marine  
  138  10:28  Marine x3  
  141  10:29  Marine  
  141  10:34  Marine, Medivac  
  141  10:35  Marine  
  121  10:37  Marine  
  121  10:39  Marine  
  123  10:45  Marine x4  
  123  10:47  Marine  
Show
View Real Time Build Order
Export as new Build Order

Clem Terran - Winner!

Build Orders:  

Get SALT Encoding   

  12  0:00  SCV  
  13  0:12  SCV  
  14  0:17  Supply Depot  
  14  0:24  SCV  
  15  0:39  SCV  
  15  0:40  Barracks  
  16  0:42  Refinery  
  16  0:51  SCV  
  17  0:58  Barracks  
  17  1:03  SCV  
  18  1:15  SCV  
  19  1:27  Orbital Command, Reaper  
  19  1:29  Supply Depot  
  20  1:45  Reaper  
  21  1:54  SCV  
  22  2:01  Reaper  
  22  2:06  SCV  
  24  2:13  Command Center  
  24  2:18  SCV  
  24  2:21  Marine  
  26  2:23  Refinery  
  26  2:29  Supply Depot  
  26  2:30  SCV  
  26  2:33  Marine  
  28  2:41  Factory  
  28  2:44  SCV  
  29  2:56  SCV  
  30  3:02  Marine  
  30  3:04  Barracks Reactor  
  31  3:08  SCV  
  32  3:16  Command Center  
  32  3:20  SCV  
  32  3:26  Orbital Command  
  33  3:33  Cyclone  
  35  3:35  SCV  
  35  3:36  Barracks Tech Lab  
  36  3:41  Marine x2  
  36  3:47  SCV  
  39  3:52  SCV  
  39  3:53  Starport  
  39  3:57  Stimpack  
  39  3:59  SCV  
  39  4:01  Marine  
  41  4:03  Marine  
  41  4:04  Marine  
  41  4:07  Factory Reactor  
  41  4:09  SCV  
  44  4:13  SCV  
  45  4:19  Marine  
  45  4:21  Marine x2, SCV  
  49  4:25  SCV  
  49  4:29  Orbital Command  
  50  4:33  SCV  
  50  4:37  SCV, Marine  
  53  4:39  Marine  
  53  4:40  Marine  
  56  4:45  SCV  
  56  4:46  Medivac x2  
  56  4:49  SCV  
  56  4:50  Supply Depot  
  56  4:51  Factory Tech Lab  
  61  4:54  SCV, Marine  
  61  4:57  SCV, Supply Depot  
  61  4:58  Marine  
  65  5:01  SCV  
  65  5:05  Marine  
  67  5:09  SCV x2  
  67  5:10  Supply Depot  
  67  5:11  Siege Tank  
  67  5:12  Marine  
  71  5:16  Marine  
  71  5:17  SCV  
  71  5:21  SCV, Refinery  
  72  5:22  SCV, Refinery  
  72  5:23  Marine  
  74  5:29  SCV, Engineering Bay x2  
  74  5:33  Supply Depot  
  74  5:34  Marine  
  76  5:37  Combat Shield  
  76  5:39  Marine  
  76  5:41  Marine  
  76  5:42  Supply Depot  
  78  5:43  Barracks, SCV  
  78  5:45  Orbital Command, SCV  
  78  5:48  Siege Tank  
  83  5:52  Supply Depot, Marine  
  83  5:56  SCV  
  85  5:57  Marine  
  85  6:03  Medivac  
  81  6:04  SCV  
  81  6:08  SCV  
  81  6:09  Marine  
  81  6:10  SCV  
  83  6:14  Barracks  
  83  6:16  Barracks, Terran Infantry Weapons Level 1  
  83  6:17  Terran Infantry Armor Level 1, Marine  
  84  6:20  Marine  
  84  6:24  SCV x3  
  88  6:27  Siege Tank, Marine  
  88  6:31  Supply Depot  
  88  6:32  Barracks Reactor  
  92  6:36  SCV  
  92  6:37  SCV x2  
  92  6:39  Marine  
  96  6:40  Missile Turret  
  96  6:41  Marine, Supply Depot  
  97  6:48  SCV  
  97  6:50  Marine, SCV, Refinery  
  97  6:51  Missile Turret, Refinery  
  100  6:54  SCV  
  100  6:57  Marine  
  100  6:58  Sensor Tower  
  100  6:59  Medivac x2  
  106  7:02  Marine  
  106  7:03  SCV  
  106  7:04  Barracks Reactor, SCV  
  106  7:06  SCV  
  106  7:07  Supply Depot  
  110  7:10  Marine x2  
  110  7:12  Supply Depot  
  110  7:13  Siege Tank  
  110  7:15  SCV  
  116  7:16  SCV  
  116  7:20  Barracks Reactor  
  118  7:24  Marine  
  118  7:26  Marine  
  118  7:27  Marine  
  118  7:28  Marine, Supply Depot, SCV  
  122  7:30  Command Center  
  122  7:34  Marine  
  122  7:36  Armory  
  123  7:41  Medivac x2  
  123  7:42  Marine x3  
  130  7:44  Marine  
  130  7:47  Marine  
  130  7:49  Siege Tank  
  135  7:55  Barracks x2  
  135  7:56  Barracks  
  135  8:01  Marine  
  135  8:02  Factory, Marine x2  
  135  8:05  Marine x2  
  138  8:06  Marine  
  138  8:09  Barracks Reactor  
  138  8:11  Medivac  
  143  8:13  Marine x2, Medivac  
  143  8:19  Marine  
  144  8:20  Marine  
  144  8:24  Siege Tank  
  147  8:27  Marine x2  
  147  8:28  Marine  
  149  8:36  Marine  
  149  8:39  Marine  
  149  8:40  Marine  
  146  8:41  Medivac  
  146  8:43  Barracks Reactor x3, Medivac  
  146  8:46  SCV x3  
  147  8:50  Marine, Supply Depot  
  147  8:53  Marine x2  
  147  8:54  Siege Tank, Marine  
  148  8:56  Siege Tank, Marine x2  
  148  8:57  Marine  
  148  8:58  SCV, Marine x2  
  157  9:04  Marine  
  157  9:08  Marine  
  159  9:11  Marine  
  159  9:12  Planetary Fortress, Supply Depot  
  159  9:13  Marine  
  159  9:14  Marine  
  162  9:18  Marine x3  
  162  9:21  Marine x3  
  162  9:22  Marine  
  169  9:24  Marine x2  
  169  9:26  SCV  
  169  9:28  SCV x2  
  169  9:29  Marine x3  
  177  9:34  Marine  
  177  9:35  Siege Tank  
  177  9:38  Marine x3  
  182  9:39  Marine  
  182  9:43  Marine  
  182  9:44  Supply Depot, Marine  
  187  9:47  Marine  
  187  9:49  Marine  
  188  9:54  Marine  
  188  9:55  Siege Tank, Marine  
  188  9:56  Command Center, Marine  
  188  9:58  Marine  
  188  9:59  Marine  
  169  10:01  Marine x4  
  169  10:02  Marine x5  
  169  10:05  Viking x2  
  179  10:08  Supply Depot  
  179  10:09  Siege Tank, Marine  
  179  10:11  Marine  
  179  10:12  Marine x2  
  179  10:14  Marine  
  186  10:20  Marine x3  
  190  10:21  Marine x3  
  190  10:22  Marine x3  
  190  10:28  Marine x2  
  196  10:30  Siege Tank  
  196  10:35  Viking, Marine x5  
  184  10:42  SCV x3  
  192  10:45  Marine  
Tags
 
Add a new tag
Caveats
  • Supply blocks, unpowered buildings, or Contaminate may cause inaccurate times.
  • Supply counts are checked every 10 seconds.